Rangers vs Penguins
(R1)
Created - April 2, 2021 at 20:55
Goals
|
| Rangers |
2 |
0 |
0 |
2 |
| Penguins |
3 |
1 |
1 |
5 |
|
Shots
|
| Rangers |
12 |
0 |
7 |
19 |
| Penguins |
11 |
14 |
12 |
37 |
|
1st period
1. Penguins , Nikita Kucherov 30 (Steven Stamkos 55) at 3:18
2. Rangers , Chris Bourque 9 (Devante Smith-Pelly 11, Maxime Sauvé 8) at 5:10
3. Penguins , Andrew Cogliano 30 (Teuvo Teravainen 25, Michal Neuvirth) at 8:57
4. Penguins , Nikita Kucherov 31 (Keith Aulie 34, Jason Zucker 11) at 15:28 (PP)
5. Rangers , Cam Barker 7 (Steve Quailer 11, Milan Lucic 59) at 16:39 (PP)
Penalties :
Milan Lucic (NYR) for Tripping (Minor) at 5:27, Luke Schenn (NYR) for Holding (Minor) at 15:22, Cal Clutterbuck (Pit) for Hooking (Minor) at 16:35, Dmitry Kulikov (NYR) for Interference (Minor) at 16:52, Steve Quailer (NYR) for Hooking (Minor) at 17:43
2nd period
6. Penguins , Steven Stamkos 48 (Jason Zucker 12) at 7:57
Penalties :
Andrew Cogliano (Pit) for High sticking (Minor) at 9:28
3rd period
7. Penguins , Keith Aulie 9 (Gilbert Brule 37, Andrew Cogliano 47) at 14:15
Penalties :
Gilbert Brule (Pit) for Roughing (Minor) at 2:04, Devante Smith-Pelly (NYR) for Interference (Minor) at 6:30, Keith Aulie (Pit) for Tripping (Minor) at 9:08, Jason Zucker (Pit) for Hooking (Minor) at 14:39, Tomas Hertl (NYR) for Interference (Minor) at 18:18
Goalie Stats
Mike Condon (NYR), 17 saves from 18 shots - (0.944), 32:03 minutes
Frederik Andersen (NYR), 15 saves from 19 shots - (0.789), L, 24-28-3, 27:57 minutes
Michal Neuvirth (Pit), 17 saves from 19 shots - (0.895), W, 30-21-7, 60:00 minutes
Players Stats for Rangers
Player Name G A P +/- PIM S H SB GA TA FO MP PP MP PK MP
------------------------------------------------------------------------------------
Cam Barker 1 0 1 -3 0 3 0 2 1 1 0/0 27:28 3:59 5:33
Chris Bourque 1 0 1 1 0 1 0 1 1 0 0/0 12:54 0:09 0:52
Devante Smith-Pelly 0 1 1 1 2 0 2 0 0 0 0/0 11:54 0:09 0:00
Dmitry Kulikov 0 0 0 1 2 0 0 0 0 0 0/0 18:45 4:01 2:11
Jonas Brodin 0 0 0 0 0 0 0 0 0 1 0/0 3:39 0:00 0:00
Luke Schenn 0 0 0 -3 2 2 1 3 1 2 0/0 30:02 3:59 5:33
Magnus Paajarvi 0 0 0 0 0 0 0 0 0 0 0/0 2:17 0:09 0:00
Mark Fistric 0 0 0 1 0 0 2 1 0 0 0/0 19:37 4:01 3:02
Matt Delahey 0 0 0 -1 0 1 0 0 0 0 0/0 10:50 0:00 1:02
Maxime Sauvé 0 1 1 1 0 0 0 1 0 0 1/3 11:00 0:00 0:00
Milan Lucic 0 1 1 -1 2 5 4 1 1 0 5/13 25:15 4:26 4:15
Patrice Bergeron 0 0 0 -1 0 1 1 0 0 2 11/29 26:16 4:26 5:03
Patrik Nemeth 0 0 0 -1 0 1 0 0 0 0 0/0 9:48 0:00 0:00
Rostislav Olesz 0 0 0 -3 0 3 0 0 0 1 0/1 18:58 3:25 1:51
Ryan Strome 0 0 0 -3 0 1 1 1 0 0 0/0 17:04 3:25 0:00
Steve Quailer 0 1 1 -1 2 0 1 0 0 0 2/3 20:08 4:26 1:29
T.J Galiardi 0 0 0 0 0 1 1 0 0 0 0/1 6:30 0:00 1:37
Tomas Hertl 0 0 0 -3 2 0 1 0 2 0 5/12 17:46 3:25 0:43
Players Stats for Penguins
Player Name G A P +/- PIM S H SB GA TA FO MP PP MP PK MP
------------------------------------------------------------------------------------
Alexei Marchenko 0 0 0 -1 0 1 1 0 0 2 0/0 14:21 0:00 4:26
Andreas Martinsen 0 0 0 0 0 0 2 0 0 0 0/0 9:41 0:00 2:23
Andrew Cogliano 1 1 2 1 2 4 1 0 1 0 0/0 19:46 3:40 3:16
Cal Clutterbuck 0 0 0 0 2 1 5 0 0 0 0/0 8:37 0:00 1:14
Danny DeKeiser 0 0 0 1 0 1 2 0 0 0 0/0 20:13 3:23 3:08
Gilbert Brule 0 1 1 1 2 3 0 1 0 0 7/13 16:13 3:40 0:00
Jake McCabe 0 0 0 -1 0 1 2 0 0 0 0/0 15:32 3:23 1:16
Jason Zucker 0 2 2 2 2 0 4 0 0 0 2/4 19:29 4:55 0:00
Jean-Gabriel Pageau 0 0 0 0 0 4 0 0 1 0 2/3 10:40 0:00 1:31
Jeff Schultz 0 0 0 0 0 0 3 2 0 0 0/0 12:22 0:00 2:24
Jeff Skinner 0 0 0 0 0 0 0 0 0 1 0/0 9:44 0:00 0:45
Joe Colborne 0 0 0 0 0 4 0 0 1 0 3/4 9:52 0:00 2:28
Keith Aulie 1 1 2 4 2 2 1 2 1 0 0/0 27:00 5:12 0:00
Marcus Foligno 0 0 0 0 0 2 1 0 0 1 0/0 8:34 0:00 0:00
Nikita Kucherov 2 0 2 2 0 6 1 0 1 1 0/1 19:59 4:55 0:00
Sean Zimmerman 0 0 0 3 0 1 1 1 0 1 0/0 29:46 5:12 4:46
Steven Stamkos 1 1 2 2 0 5 4 3 1 0 24/37 23:53 4:55 4:23
Teuvo Teravainen 0 1 1 1 0 2 1 0 1 0 0/0 16:13 3:40 0:00
3 Stars
1 - Steven Stamkos (Pit)
2 - Nikita Kucherov (Pit)
3 - Keith Aulie (Pit)
Power Play
Rangers - 1 on 5 Attempt(s) - 20.00%
Penguins - 1 on 6 Attempt(s) - 16.67%
Penalty Kill
Rangers - 5 on 6 Attempt(s) - 83.33%
- Score 0 goal in Penalty Kill
Penguins - 4 on 5 Attempt(s) - 80.00%
- Score 0 goal in Penalty Kill
Team Stat
Rangers - Hits : 14 - Faceoff Wins : 24 - Blocked Shots : 10 - Penalty Minutes : 12
Penguins - Hits : 29 - Faceoff Wins : 38 - Blocked Shots : 9 - Penalty Minutes : 10
Official
Referees : Unknown
Linesman : Unknown
Game Notes
Mike Condon enters game at 7:57 of 2nd period
Jeff Schultz is injured at 5:28 of 3rd period (Back)
Finance
Level 1 -- Attendance: 4448 (74.13%) -- Ticket Income $533,760
Level 2 -- Attendance: 3871 (77.42%) -- Ticket Income $270,970
Level 3 -- Attendance: 1573 (78.65%) -- Ticket Income $70,785
Level 4 -- Attendance: 3048 (76.20%) -- Ticket Income $106,680
Luxury Box -- Attendance: 781 (78.10%) -- Ticket Income $156,200
Game was played at the Igloo.
Total Attendance: 13721 (76.23%)
Total Ticket Income: $1,138,395
Other Income: $170,759
Total Income: $1,309,154
Rangers
5 vs 5 Forward
Center Left Wing Right Wing Time % Phy DF OF
1 Patrice Bergeron Milan Lucic Steve Quailer 40 1 2 2
2 Tomas Hertl Rostislav Olesz Ryan Strome 30 1 2 2
3 Maxime Sauvé Chris Bourque Devante Smith-Pelly 20 1 2 2
4 Milan Lucic T.J Galiardi Patrice Bergeron 10 1 2 2
5 vs 5 Defense
Defense Defense Time % Phy DF OF
1 Luke Schenn Cam Barker 40 1 2 2
2 Mark Fistric Dmitry Kulikov 30 1 2 2
3 Patrik Nemeth Matt Delahey 20 1 2 2
4 Jonas Brodin Luke Schenn 10 1 2 2
PowerPlay Forward
Center Left Wing Right Wing Time % Phy DF OF
1 Patrice Bergeron Milan Lucic Steve Quailer 60 1 2 2
2 Tomas Hertl Rostislav Olesz Ryan Strome 40 1 2 2
PowerPlay Defense
Defense Defense Time % Phy DF OF
1 Luke Schenn Cam Barker 60 1 2 2
2 Mark Fistric Dmitry Kulikov 40 1 2 2
Penalty Kill 4 Players Forward
Center Wing Time % Phy DF OF
1 Milan Lucic Patrice Bergeron 60 1 2 2
2 Steve Quailer Rostislav Olesz 40 1 2 2
Penalty Kill 4 Players Defense
Defense Defense Time % Phy DF OF
1 Luke Schenn Cam Barker 60 1 2 2
2 Mark Fistric Dmitry Kulikov 40 1 2 2
Penalty Kill - 3 Players Forward
Forward Time % Phy DF OF
1 Milan Lucic 60 1 2 2
2 Patrice Bergeron 40 1 2 2
Penalty Kill - 3 Players Defense
Defense Defense Time % Phy DF OF
1 Luke Schenn Cam Barker 60 1 2 2
2 Mark Fistric Dmitry Kulikov 40 1 2 2
4 vs 4 Forward
Center Wing Time % Phy DF OF
1 Milan Lucic Patrice Bergeron 60 1 2 2
2 Steve Quailer Rostislav Olesz 40 1 2 2
4 vs 4 Defense
Defense Defense Time % Phy DF OF
1 Luke Schenn Cam Barker 60 1 2 2
2 Mark Fistric Dmitry Kulikov 40 1 2 2
Last Minutes Offensive
Center Left Wing Right Wing Defense Defense
Patrice Bergeron Milan Lucic Steve Quailer Luke Schenn Cam Barker
Last Minutes Defensive
Center Left Wing Right Wing Defense Defense
Patrice Bergeron Milan Lucic Steve Quailer Luke Schenn Cam Barker
Goaltenders
Starting : Frederik Andersen
Backup : Mike Condon
Extra Forwards
Normal : Magnus Paajarvi, Chris Bourque, T.J Galiardi - PP : Magnus Paajarvi, Chris Bourque - PK : T.J Galiardi
Extra Defensemen
Normal : Patrik Nemeth, Matt Delahey, Jonas Brodin - PP : Patrik Nemeth - PK : Matt Delahey, Jonas Brodin
Penalty Shots
Milan Lucic, Patrice Bergeron, Steve Quailer, Rostislav Olesz, Tomas Hertl
Scratches
Sean Couturier (Right Foot Injury)
Penguins
5 vs 5 Forward
Center Left Wing Right Wing Time % Phy DF OF
1 Steven Stamkos Jason Zucker Nikita Kucherov 40 0 2 3
2 Gilbert Brule Andrew Cogliano Teuvo Teravainen 30 0 2 3
3 Jean-Gabriel Pageau Jeff Skinner Marcus Foligno 20 0 2 3
4 Joe Colborne Andreas Martinsen Cal Clutterbuck 10 0 2 3
5 vs 5 Defense
Defense Defense Time % Phy DF OF
1 Sean Zimmerman Keith Aulie 40 1 2 2
2 Jeff Schultz Danny DeKeiser 30 1 2 2
3 Alexei Marchenko Jake McCabe 20 1 2 2
4 Sean Zimmerman Keith Aulie 10 1 2 2
PowerPlay Forward
Center Left Wing Right Wing Time % Phy DF OF
1 Steven Stamkos Jason Zucker Nikita Kucherov 60 0 1 4
2 Gilbert Brule Andrew Cogliano Teuvo Teravainen 40 0 1 4
PowerPlay Defense
Defense Defense Time % Phy DF OF
1 Sean Zimmerman Keith Aulie 60 0 2 3
2 Jake McCabe Danny DeKeiser 40 0 2 3
Penalty Kill 4 Players Forward
Center Wing Time % Phy DF OF
1 Steven Stamkos Andrew Cogliano 60 1 3 1
2 Joe Colborne Cal Clutterbuck 40 1 3 1
Penalty Kill 4 Players Defense
Defense Defense Time % Phy DF OF
1 Sean Zimmerman Jeff Schultz 60 1 3 1
2 Danny DeKeiser Alexei Marchenko 40 1 3 1
Penalty Kill - 3 Players Forward
Forward Time % Phy DF OF
1 Joe Colborne 60 1 3 1
2 Cal Clutterbuck 40 1 3 1
Penalty Kill - 3 Players Defense
Defense Defense Time % Phy DF OF
1 Sean Zimmerman Jeff Schultz 60 1 3 1
2 Danny DeKeiser Alexei Marchenko 40 1 3 1
4 vs 4 Forward
Center Wing Time % Phy DF OF
1 Steven Stamkos Nikita Kucherov 60 0 2 3
2 Gilbert Brule Andrew Cogliano 40 0 2 3
4 vs 4 Defense
Defense Defense Time % Phy DF OF
1 Sean Zimmerman Keith Aulie 60 1 2 2
2 Jeff Schultz Danny DeKeiser 40 1 2 2
Last Minutes Offensive
Center Left Wing Right Wing Defense Defense
Steven Stamkos Jason Zucker Nikita Kucherov Sean Zimmerman Keith Aulie
Last Minutes Defensive
Center Left Wing Right Wing Defense Defense
Steven Stamkos Andrew Cogliano Cal Clutterbuck Sean Zimmerman Jeff Schultz
Goaltenders
Starting : Michal Neuvirth
Backup : Sergei Bobrovsky
Extra Forwards
Normal : Steven Stamkos, Jeff Skinner, Marcus Foligno - PP : Steven Stamkos, Andrew Cogliano - PK : Joe Colborne
Extra Defensemen
Normal : Sean Zimmerman, Keith Aulie, Jake McCabe - PP : Keith Aulie - PK : Sean Zimmerman, Jeff Schultz
Penalty Shots
Nikita Kucherov, Steven Stamkos, Andrew Cogliano, Gilbert Brule, Jeff Skinner
Scratches
Jeff Tambellini (Healthy), Marian Hossa (Healthy), Shea Weber (Left Ankle Injury)
% Time on Ice - Rangers
Lines # - Real PCT - Wanted PCT - Time Play
Normal Forward
1 - 34% - 40% - 14:56
2 - 32% - 30% - 13:42
3 - 25% - 20% - 11:00
4 - 9% - 10% - 3:47
Normal Defense
1 - 40% - 40% - 17:24
2 - 29% - 30% - 12:34
3 - 23% - 20% - 9:48
4 - 8% - 10% - 3:39
PP Forward
1 - 57% - 60% - 4:35
2 - 43% - 40% - 3:25
PP Defense
1 - 50% - 60% - 3:59
2 - 50% - 40% - 4:01
PK Forward
1 - 73% - 60% - 5:25
2 - 27% - 40% - 2:02
PK Defense
1 - 66% - 60% - 4:54
2 - 34% - 40% - 2:33
PK3 Forward
1 - 72% - 60% - 0:49
2 - 28% - 40% - 0:19
PK3 Defense
1 - 57% - 60% - 0:39
2 - 43% - 40% - 0:29
44 Forward
1 - 0% - 60%
2 - 0% - 40%
44 Defense
1 - 0% - 60%
2 - 0% - 40%
Last Minute Offensive - 0:00
Last Minute Defensive - 0:00
Total
Forward - 60:00
Defense - 60:00
|
% Time on Ice - Penguins
Lines # - Real PCT - Wanted PCT - Time Play
Normal Forward
1 - 34% - 40% - 14:54
2 - 29% - 30% - 12:40
3 - 20% - 20% - 8:34
4 - 17% - 10% - 7:17
Normal Defense
1 - 42% - 40% - 18:04
2 - 33% - 30% - 14:28
3 - 17% - 20% - 7:31
4 - 8% - 10% - 3:22
PP Forward
1 - 57% - 60% - 4:55
2 - 43% - 40% - 3:40
PP Defense
1 - 61% - 60% - 5:12
2 - 39% - 40% - 3:23
PK Forward
1 - 85% - 60% - 6:46
2 - 15% - 40% - 1:14
PK Defense
1 - 77% - 60% - 6:08
2 - 23% - 40% - 1:52
PK3 Forward
1 - 0% - 60%
2 - 0% - 40%
PK3 Defense
1 - 0% - 60%
2 - 0% - 40%
44 Forward
1 - 0% - 60%
2 - 0% - 40%
44 Defense
1 - 0% - 60%
2 - 0% - 40%
Last Minute Offensive - 0:00
Last Minute Defensive - 0:00
Total
Forward - 60:00
Defense - 60:00
|
Play-by-Play
1st period
0:01 of 1st period - Steven Stamkos wins face-off versus Patrice Bergeron in neutral zone.
0:28 of 1st period - Off-side.
0:29 of 1st period - Tomas Hertl wins face-off versus Gilbert Brule in neutral zone.
0:34 of 1st period - Snap shot by Ryan Strome.
0:34 of 1st period - Stopped by Michal Neuvirth without a rebound.
0:35 of 1st period - Maxime Sauvé wins face-off versus Jean-Gabriel Pageau in Penguins zone.
1:10 of 1st period - Wrist shot by Joe Colborne.
1:10 of 1st period - Stopped by Frederik Andersen with a rebound.
1:26 of 1st period - Snap shot by Rostislav Olesz.
1:26 of 1st period - Shot Blocked by Jeff Schultz.
1:28 of 1st period - Slapshot by Patrik Nemeth.
1:28 of 1st period - Shot Misses the Net.
1:30 of 1st period - Snap shot by Rostislav Olesz.
1:30 of 1st period - Shot Blocked by Steven Stamkos.
1:32 of 1st period - Slapshot by Patrik Nemeth.
1:32 of 1st period - Stopped by Michal Neuvirth without a rebound.
1:33 of 1st period - Patrice Bergeron wins face-off versus Gilbert Brule in Penguins zone.
1:56 of 1st period - Wrist shot by Nikita Kucherov.
1:56 of 1st period - Shot Misses the Net.
3:03 of 1st period - Off-side.
3:04 of 1st period - Tomas Hertl wins face-off versus Joe Colborne in neutral zone.
3:08 of 1st period - Slapshot by Cam Barker.
3:08 of 1st period - Stopped by Michal Neuvirth without a rebound.
3:09 of 1st period - Steven Stamkos wins face-off versus Patrice Bergeron in Penguins zone.
3:16 of 1st period - Snap shot by Keith Aulie.
3:16 of 1st period - Deflect By Steven Stamkos.
3:16 of 1st period - Stopped by Frederik Andersen without a rebound.
3:17 of 1st period - Steven Stamkos wins face-off versus Patrice Bergeron in Rangers zone.
3:18 of 1st period - Wrist shot by Nikita Kucherov.
3:18 of 1st period - Goal by Nikita Kucherov - Rangers : 0 - Penguins : 1.
3:19 of 1st period - Patrice Bergeron wins face-off versus Steven Stamkos in neutral zone.
3:31 of 1st period - Snap shot by Milan Lucic.
3:31 of 1st period - Stopped by Michal Neuvirth with a rebound.
3:33 of 1st period - Wrist shot by Steve Quailer.
3:33 of 1st period - Shot Blocked by Steven Stamkos.
3:35 of 1st period - Slapshot by Cam Barker.
3:35 of 1st period - Stopped by Michal Neuvirth without a rebound.
3:36 of 1st period - Tomas Hertl wins face-off versus Gilbert Brule in Penguins zone.
3:37 of 1st period - Wrist shot by Rostislav Olesz.
3:37 of 1st period - Stopped by Michal Neuvirth with a rebound.
3:39 of 1st period - Slapshot by Rostislav Olesz.
3:39 of 1st period - Stopped by Michal Neuvirth without a rebound.
3:40 of 1st period - Gilbert Brule wins face-off versus Tomas Hertl in Penguins zone.
4:01 of 1st period - Luke Schenn is hit by Andrew Cogliano and loses puck.
4:30 of 1st period - Wrist shot by Rostislav Olesz.
4:30 of 1st period - Shot Blocked by Gilbert Brule.
4:34 of 1st period - Snap shot by Luke Schenn.
4:34 of 1st period - Shot Misses the Net.
4:36 of 1st period - Slapshot by Cam Barker.
4:36 of 1st period - Shot Blocked by Keith Aulie.
4:38 of 1st period - Slapshot by Luke Schenn.
4:38 of 1st period - Stopped by Michal Neuvirth without a rebound.
4:39 of 1st period - Patrice Bergeron wins face-off versus Steven Stamkos in Penguins zone.
4:40 of 1st period - Slapshot by Milan Lucic.
4:40 of 1st period - Stopped by Michal Neuvirth without a rebound.
4:41 of 1st period - Patrice Bergeron wins face-off versus Steven Stamkos in Penguins zone.
5:10 of 1st period - Snap shot by Chris Bourque.
5:10 of 1st period - Goal by Chris Bourque - Rangers : 1 - Penguins : 1.
5:11 of 1st period - Patrice Bergeron wins face-off versus Jason Zucker in neutral zone.
5:27 of 1st period - Minor Penalty to Milan Lucic for Tripping.
5:28 of 1st period - Steven Stamkos wins face-off versus T.J Galiardi in Rangers zone.
6:50 of 1st period - Andrew Cogliano is hit by Steve Quailer.
6:51 of 1st period - Icing by Andrew Cogliano.
6:52 of 1st period - Steve Quailer wins face-off versus Gilbert Brule in Penguins zone.
6:53 of 1st period - Snap shot by Rostislav Olesz.
6:53 of 1st period - Shot Misses the Net.
7:05 of 1st period - Luke Schenn is hit by Jason Zucker and loses puck.
7:27 of 1st period - Penalty to Milan Lucic is over, Milan Lucic is back on ice.
7:50 of 1st period - Icing by Cam Barker.
7:51 of 1st period - Joe Colborne wins face-off versus Tomas Hertl in Rangers zone.
8:16 of 1st period - Milan Lucic is hit by Steven Stamkos and loses puck.
8:57 of 1st period - Wrist shot by Andrew Cogliano.
8:57 of 1st period - Goal by Andrew Cogliano - Rangers : 1 - Penguins : 2.
8:58 of 1st period - Steven Stamkos wins face-off versus Patrice Bergeron in neutral zone.
9:37 of 1st period - Wrist shot by Andrew Cogliano.
9:37 of 1st period - Shot Hit the Post.
9:39 of 1st period - Slapshot by Gilbert Brule.
9:39 of 1st period - Stopped by Frederik Andersen with a rebound.
10:56 of 1st period - Andrew Cogliano is hit by Tomas Hertl and loses puck.
11:57 of 1st period - Wrist shot by Jean-Gabriel Pageau.
11:57 of 1st period - Shot Misses the Net.
12:29 of 1st period - Icing by Steve Quailer.
12:30 of 1st period - Patrice Bergeron wins face-off versus Steven Stamkos in Rangers zone.
12:54 of 1st period - Ryan Strome is hit by Teuvo Teravainen and loses puck.
12:59 of 1st period - Snap shot by Gilbert Brule.
12:59 of 1st period - Shot Misses the Net.
13:01 of 1st period - Snap shot by Andrew Cogliano.
13:01 of 1st period - Stopped by Frederik Andersen with a rebound.
13:03 of 1st period - Snap shot by Teuvo Teravainen.
13:03 of 1st period - Shot Misses the Net.
13:05 of 1st period - Backhand shot by Gilbert Brule.
13:05 of 1st period - Shot Misses the Net.
13:17 of 1st period - Snap shot by Milan Lucic.
13:17 of 1st period - Shot Blocked by Jeff Schultz.
13:19 of 1st period - Slapshot by Matt Delahey.
13:19 of 1st period - Stopped by Michal Neuvirth without a rebound.
13:20 of 1st period - Steven Stamkos wins face-off versus Patrice Bergeron in Penguins zone.
13:50 of 1st period - Keith Aulie is hit by Mark Fistric and loses puck.
14:11 of 1st period - Slapshot by Joe Colborne.
14:11 of 1st period - Stopped by Frederik Andersen without a rebound.
14:12 of 1st period - Joe Colborne wins face-off versus Tomas Hertl in Rangers zone.
14:33 of 1st period - Snap shot by Cal Clutterbuck.
14:33 of 1st period - Shot Misses the Net.
14:35 of 1st period - Wrist shot by Danny DeKeiser.
14:35 of 1st period - Stopped by Frederik Andersen with a rebound.
14:37 of 1st period - Slapshot by Alexei Marchenko.
14:37 of 1st period - Shot Blocked by Luke Schenn.
14:39 of 1st period - Backhand shot by Alexei Marchenko.
14:39 of 1st period - Shot Blocked by Cam Barker.
14:41 of 1st period - Slapshot by Jake McCabe.
14:41 of 1st period - Shot Misses the Net.
14:45 of 1st period - Snap shot by Joe Colborne.
14:45 of 1st period - Shot Blocked by Ryan Strome.
14:57 of 1st period - Snap shot by Joe Colborne.
14:57 of 1st period - Stopped by Frederik Andersen with a rebound.
14:59 of 1st period - Slapshot by Keith Aulie.
14:59 of 1st period - Stopped by Frederik Andersen with a rebound.
15:22 of 1st period - Minor Penalty to Luke Schenn for Holding.
15:23 of 1st period - Steven Stamkos wins face-off versus Milan Lucic in Rangers zone.
15:26 of 1st period - Wrist shot by Jason Zucker.
15:26 of 1st period - Shot Misses the Net.
15:28 of 1st period - Wrist shot by Keith Aulie.
15:28 of 1st period - Deflect By Nikita Kucherov.
15:28 of 1st period - Goal by Nikita Kucherov - Rangers : 1 - Penguins : 3.
15:29 of 1st period - Steven Stamkos wins face-off versus Patrice Bergeron in neutral zone.
16:20 of 1st period - Dmitry Kulikov is hit by Andreas Martinsen and loses puck.
16:35 of 1st period - Minor Penalty to Cal Clutterbuck for Hooking.
16:36 of 1st period - Milan Lucic wins face-off versus Steven Stamkos in Penguins zone.
16:37 of 1st period - Wrist shot by Steve Quailer.
16:37 of 1st period - Shot Misses the Net.
16:39 of 1st period - Backhand shot by Cam Barker.
16:39 of 1st period - Deflect By Steven Stamkos.
16:39 of 1st period - Goal by Cam Barker - Rangers : 2 - Penguins : 3.
16:40 of 1st period - Steven Stamkos wins face-off versus Patrice Bergeron in neutral zone.
16:42 of 1st period - Keith Aulie is hit by Milan Lucic and loses puck.
16:52 of 1st period - Minor Penalty to Dmitry Kulikov for Interference.
16:53 of 1st period - Steven Stamkos wins face-off versus Milan Lucic in Rangers zone.
17:19 of 1st period - Sean Zimmerman is hit by Patrice Bergeron.
17:43 of 1st period - Minor Penalty to Steve Quailer for Hooking.
17:44 of 1st period - Steven Stamkos wins face-off versus Milan Lucic in Rangers zone.
18:26 of 1st period - Icing by Andrew Cogliano.
18:27 of 1st period - Milan Lucic wins face-off versus Gilbert Brule in Penguins zone.
18:52 of 1st period - Penalty to Dmitry Kulikov is over, Dmitry Kulikov is back on ice.
19:43 of 1st period - Penalty to Steve Quailer is over, Steve Quailer is back on ice.
19:53 of 1st period - Wrist shot by Milan Lucic.
19:53 of 1st period - Shot Misses the Net.
Goals for this period are 2 for Rangers vs 3 for Penguins.
Shots for this period are 12 for Rangers vs 11 for Penguins.
2nd period
0:01 of 2nd period - Patrice Bergeron wins face-off versus Steven Stamkos in neutral zone.
0:26 of 2nd period - Teuvo Teravainen is hit by Luke Schenn and loses puck.
0:33 of 2nd period - Slapshot by Danny DeKeiser.
0:33 of 2nd period - Shot Blocked by Chris Bourque.
0:53 of 2nd period - Mark Fistric is hit by Jeff Schultz and loses puck.
1:03 of 2nd period - Icing by Jeff Skinner.
1:04 of 2nd period - Steven Stamkos wins face-off versus Patrice Bergeron in Penguins zone.
1:04 of 2nd period - Steven Stamkos is hit by T.J Galiardi.
1:38 of 2nd period - Snap shot by Maxime Sauvé.
1:38 of 2nd period - Shot Blocked by Sean Zimmerman.
1:57 of 2nd period - Wrist shot by Jean-Gabriel Pageau.
1:57 of 2nd period - Stopped by Frederik Andersen with a rebound.
1:59 of 2nd period - Slapshot by Jean-Gabriel Pageau.
1:59 of 2nd period - Stopped by Frederik Andersen with a rebound.
2:25 of 2nd period - Wrist shot by Chris Bourque.
2:25 of 2nd period - Shot Blocked by Steven Stamkos.
2:49 of 2nd period - Wrist shot by Gilbert Brule.
2:49 of 2nd period - Shot Misses the Net.
2:51 of 2nd period - Slapshot by Alexei Marchenko.
2:51 of 2nd period - Shot Misses the Net.
2:53 of 2nd period - Slapshot by Alexei Marchenko.
2:53 of 2nd period - Stopped by Frederik Andersen with a rebound.
2:55 of 2nd period - Slapshot by Jake McCabe.
2:55 of 2nd period - Stopped by Frederik Andersen with a rebound.
3:09 of 2nd period - Snap shot by Marcus Foligno.
3:09 of 2nd period - Shot Blocked by Luke Schenn.
3:11 of 2nd period - Wrist shot by Jeff Skinner.
3:11 of 2nd period - Shot Blocked by Cam Barker.
3:13 of 2nd period - Wrist shot by Marcus Foligno.
3:13 of 2nd period - Shot Misses the Net.
3:25 of 2nd period - Devante Smith-Pelly is hit by Jeff Schultz and loses puck.
3:30 of 2nd period - Backhand shot by Steven Stamkos.
3:30 of 2nd period - Shot Blocked by Maxime Sauvé.
4:10 of 2nd period - Snap shot by Marcus Foligno.
4:10 of 2nd period - Stopped by Frederik Andersen with a rebound.
4:18 of 2nd period - Slapshot by Jean-Gabriel Pageau.
4:18 of 2nd period - Shot Misses the Net.
4:29 of 2nd period - Mark Fistric is hit by Jeff Schultz and loses puck.
5:08 of 2nd period - Milan Lucic is hit by Alexei Marchenko and loses puck.
6:50 of 2nd period - Snap shot by Steven Stamkos.
6:50 of 2nd period - Shot Misses the Net.
6:59 of 2nd period - Off-side.
7:00 of 2nd period - Jean-Gabriel Pageau wins face-off versus Patrice Bergeron in neutral zone.
7:09 of 2nd period - Slapshot by Jean-Gabriel Pageau.
7:09 of 2nd period - Stopped by Frederik Andersen without a rebound.
7:10 of 2nd period - Tomas Hertl wins face-off versus Nikita Kucherov in Rangers zone.
7:26 of 2nd period - Off-side.
7:27 of 2nd period - Gilbert Brule wins face-off versus Patrice Bergeron in neutral zone.
7:31 of 2nd period - Off-side.
7:32 of 2nd period - Patrice Bergeron wins face-off versus Gilbert Brule in neutral zone.
7:49 of 2nd period - Wrist shot by Andrew Cogliano.
7:49 of 2nd period - Stopped by Frederik Andersen without a rebound.
7:50 of 2nd period - Jason Zucker wins face-off versus Tomas Hertl in Rangers zone.
7:57 of 2nd period - Snap shot by Steven Stamkos.
7:57 of 2nd period - Goal by Steven Stamkos - Rangers : 2 - Penguins : 4.
7:57 of 2nd period - Mike Condon enters game.
7:58 of 2nd period - Patrice Bergeron wins face-off versus Steven Stamkos in neutral zone.
8:13 of 2nd period - Luke Schenn is hit by Nikita Kucherov and loses puck.
8:32 of 2nd period - Wrist shot by Andrew Cogliano.
8:32 of 2nd period - Shot Misses the Net.
8:34 of 2nd period - Snap shot by Gilbert Brule.
8:34 of 2nd period - Shot Misses the Net.
8:41 of 2nd period - Icing by Cam Barker.
8:42 of 2nd period - Jean-Gabriel Pageau wins face-off versus Tomas Hertl in Rangers zone.
8:45 of 2nd period - Wrist shot by Steven Stamkos.
8:45 of 2nd period - Stopped by Mike Condon with a rebound.
8:53 of 2nd period - Wrist shot by Steven Stamkos.
8:53 of 2nd period - Shot Blocked by Luke Schenn.
9:28 of 2nd period - Minor Penalty to Andrew Cogliano for High sticking.
9:29 of 2nd period - Steven Stamkos wins face-off versus Patrice Bergeron in Penguins zone.
10:00 of 2nd period - Jeff Schultz is hit by Ryan Strome and loses puck.
11:28 of 2nd period - Penalty to Andrew Cogliano is over, Andrew Cogliano is back on ice.
11:28 of 2nd period - Alexei Marchenko is hit by Devante Smith-Pelly and loses puck.
12:39 of 2nd period - Luke Schenn is hit by Cal Clutterbuck and loses puck.
13:00 of 2nd period - Snap shot by Nikita Kucherov.
13:00 of 2nd period - Stopped by Mike Condon with a rebound.
13:31 of 2nd period - T.J Galiardi is hit by Cal Clutterbuck and loses puck.
13:58 of 2nd period - Maxime Sauvé is hit by Steven Stamkos and loses puck.
14:53 of 2nd period - Patrik Nemeth is hit by Jason Zucker and loses puck.
15:46 of 2nd period - Luke Schenn is hit by Steven Stamkos and loses puck.
16:19 of 2nd period - Slapshot by Sean Zimmerman.
16:19 of 2nd period - Stopped by Mike Condon with a rebound.
16:21 of 2nd period - Slapshot by Gilbert Brule.
16:21 of 2nd period - Stopped by Mike Condon without a rebound.
16:22 of 2nd period - Steven Stamkos wins face-off versus Tomas Hertl in Rangers zone.
16:45 of 2nd period - Jeff Skinner is hit by Milan Lucic and loses puck.
17:31 of 2nd period - Icing by Dmitry Kulikov.
17:32 of 2nd period - Gilbert Brule wins face-off versus Maxime Sauvé in Rangers zone.
17:41 of 2nd period - Dmitry Kulikov is hit by Danny DeKeiser and loses puck.
17:52 of 2nd period - Snap shot by Chris Bourque.
17:52 of 2nd period - Deflect By Teuvo Teravainen.
17:52 of 2nd period - Shot Misses the Net.
17:52 of 2nd period - Puck is out of play.
17:53 of 2nd period - Steve Quailer wins face-off versus Steven Stamkos in Penguins zone.
18:02 of 2nd period - Snap shot by Steven Stamkos.
18:02 of 2nd period - Shot Misses the Net.
18:48 of 2nd period - Snap shot by Steve Quailer.
18:48 of 2nd period - Shot Misses the Net.
19:04 of 2nd period - Slapshot by Luke Schenn.
19:04 of 2nd period - Shot Blocked by Keith Aulie.
19:20 of 2nd period - Snap shot by Nikita Kucherov.
19:20 of 2nd period - Stopped by Mike Condon with a rebound.
19:22 of 2nd period - Snap shot by Steven Stamkos.
19:22 of 2nd period - Shot Misses the Net.
19:32 of 2nd period - Snap shot by Steven Stamkos.
19:32 of 2nd period - Stopped by Mike Condon without a rebound.
19:33 of 2nd period - Gilbert Brule wins face-off versus Tomas Hertl in Rangers zone.
Goals for this period are 0 for Rangers vs 1 for Penguins.
Shots for this period are 0 for Rangers vs 14 for Penguins.
3rd period
0:01 of 3rd period - Steven Stamkos wins face-off versus Patrice Bergeron in neutral zone.
0:04 of 3rd period - Steve Quailer is hit by Jason Zucker and loses puck.
0:11 of 3rd period - Milan Lucic is hit by Steven Stamkos and loses puck.
1:12 of 3rd period - Jeff Skinner is hit by Milan Lucic and loses puck.
1:17 of 3rd period - Wrist shot by T.J Galiardi.
1:17 of 3rd period - Stopped by Michal Neuvirth with a rebound.
1:22 of 3rd period - Off-side.
1:23 of 3rd period - Steven Stamkos wins face-off versus Rostislav Olesz in neutral zone.
1:28 of 3rd period - Matt Delahey is hit by Jake McCabe.
2:04 of 3rd period - Minor Penalty to Gilbert Brule for Roughing.
2:05 of 3rd period - Steven Stamkos wins face-off versus Patrice Bergeron in Penguins zone.
4:04 of 3rd period - Penalty to Gilbert Brule is over, Gilbert Brule is back on ice.
4:38 of 3rd period - Icing by Alexei Marchenko.
4:39 of 3rd period - Gilbert Brule wins face-off versus Maxime Sauvé in Penguins zone.
4:39 of 3rd period - Gilbert Brule is hit by Devante Smith-Pelly.
5:06 of 3rd period - Ryan Strome is hit by Cal Clutterbuck and loses puck.
5:27 of 3rd period - Jeff Schultz is hit by Milan Lucic and loses puck.
5:28 of 3rd period - Jeff Schultz from Penguins is injured at 5:28 of 3rd period (Back).
5:29 of 3rd period - Steven Stamkos wins face-off versus Patrice Bergeron in Penguins zone.
6:17 of 3rd period - Maxime Sauvé is hit by Marcus Foligno and loses puck.
6:28 of 3rd period - Wrist shot by Jeff Skinner.
6:28 of 3rd period - Shot Misses the Net.
6:30 of 3rd period - Minor Penalty to Devante Smith-Pelly for Interference.
6:31 of 3rd period - Milan Lucic wins face-off versus Jason Zucker in Rangers zone.
6:31 of 3rd period - Milan Lucic is hit by Sean Zimmerman.
7:07 of 3rd period - Wrist shot by Teuvo Teravainen.
7:07 of 3rd period - Stopped by Mike Condon with a rebound.
7:11 of 3rd period - Slapshot by Andrew Cogliano.
7:11 of 3rd period - Stopped by Mike Condon with a rebound.
8:30 of 3rd period - Penalty to Devante Smith-Pelly is over, Devante Smith-Pelly is back on ice.
8:38 of 3rd period - Wrist shot by Jean-Gabriel Pageau.
8:38 of 3rd period - Stopped by Mike Condon with a rebound.
9:08 of 3rd period - Minor Penalty to Keith Aulie for Tripping.
9:09 of 3rd period - Steven Stamkos wins face-off versus Patrice Bergeron in Penguins zone.
9:12 of 3rd period - Wrist shot by Milan Lucic.
9:12 of 3rd period - Stopped by Michal Neuvirth without a rebound.
9:13 of 3rd period - Steven Stamkos wins face-off versus Patrice Bergeron in Penguins zone.
9:13 of 3rd period - Steven Stamkos is hit by Mark Fistric.
9:22 of 3rd period - Icing by Patrice Bergeron.
9:23 of 3rd period - Steven Stamkos wins face-off versus Patrice Bergeron in Rangers zone.
9:38 of 3rd period - Wrist shot by Andrew Cogliano.
9:38 of 3rd period - Shot Blocked by Mark Fistric.
9:40 of 3rd period - Wrist shot by Steven Stamkos.
9:40 of 3rd period - Stopped by Mike Condon without a rebound.
9:41 of 3rd period - Tomas Hertl wins face-off versus Steven Stamkos in Rangers zone.
9:55 of 3rd period - Snap shot by Rostislav Olesz.
9:55 of 3rd period - Stopped by Michal Neuvirth with a rebound.
10:32 of 3rd period - Mark Fistric is hit by Cal Clutterbuck.
11:08 of 3rd period - Penalty to Keith Aulie is over, Keith Aulie is back on ice.
11:30 of 3rd period - Slapshot by Marcus Foligno.
11:30 of 3rd period - Stopped by Mike Condon with a rebound.
12:17 of 3rd period - Devante Smith-Pelly is hit by Cal Clutterbuck and loses puck.
13:23 of 3rd period - Off-side.
13:24 of 3rd period - Joe Colborne wins face-off versus Steve Quailer in neutral zone.
13:27 of 3rd period - Mark Fistric is hit by Danny DeKeiser and loses puck.
13:34 of 3rd period - Snap shot by Cal Clutterbuck.
13:34 of 3rd period - Shot Misses the Net.
13:36 of 3rd period - Snap shot by Joe Colborne.
13:36 of 3rd period - Stopped by Mike Condon with a rebound.
13:38 of 3rd period - Wrist shot by Cal Clutterbuck.
13:38 of 3rd period - Stopped by Mike Condon without a rebound.
13:39 of 3rd period - Steven Stamkos wins face-off versus Patrice Bergeron in Rangers zone.
14:11 of 3rd period - Wrist shot by Andrew Cogliano.
14:11 of 3rd period - Shot Misses the Net.
14:13 of 3rd period - Snap shot by Gilbert Brule.
14:13 of 3rd period - Stopped by Mike Condon with a rebound.
14:15 of 3rd period - Slapshot by Keith Aulie.
14:15 of 3rd period - Goal by Keith Aulie - Rangers : 2 - Penguins : 5.
14:16 of 3rd period - Patrice Bergeron wins face-off versus Steven Stamkos in neutral zone.
14:29 of 3rd period - Wrist shot by Milan Lucic.
14:29 of 3rd period - Stopped by Michal Neuvirth with a rebound.
14:31 of 3rd period - Wrist shot by Milan Lucic.
14:31 of 3rd period - Shot Misses the Net.
14:33 of 3rd period - Slapshot by Luke Schenn.
14:33 of 3rd period - Stopped by Michal Neuvirth with a rebound.
14:39 of 3rd period - Minor Penalty to Jason Zucker for Hooking.
14:40 of 3rd period - Patrice Bergeron wins face-off versus Steven Stamkos in Penguins zone.
14:41 of 3rd period - Wrist shot by Milan Lucic.
14:41 of 3rd period - Stopped by Michal Neuvirth with a rebound.
15:50 of 3rd period - Ryan Strome is hit by Jake McCabe and loses puck.
16:39 of 3rd period - Penalty to Jason Zucker is over, Jason Zucker is back on ice.
17:16 of 3rd period - T.J Galiardi is hit by Keith Aulie and loses puck.
18:03 of 3rd period - Dmitry Kulikov is hit by Andreas Martinsen.
18:18 of 3rd period - Minor Penalty to Tomas Hertl for Interference.
18:19 of 3rd period - Jason Zucker wins face-off versus Milan Lucic in Rangers zone.
18:24 of 3rd period - Wrist shot by Nikita Kucherov.
18:24 of 3rd period - Stopped by Mike Condon without a rebound.
18:25 of 3rd period - Steven Stamkos wins face-off versus Milan Lucic in Rangers zone.
18:26 of 3rd period - Wrist shot by Nikita Kucherov.
18:26 of 3rd period - Stopped by Mike Condon without a rebound.
18:27 of 3rd period - Milan Lucic wins face-off versus Steven Stamkos in Rangers zone.
18:27 of 3rd period - Milan Lucic is hit by Jason Zucker.
18:34 of 3rd period - Icing by Steven Stamkos.
18:35 of 3rd period - Milan Lucic wins face-off versus Steven Stamkos in Penguins zone.
18:48 of 3rd period - Slapshot by Patrice Bergeron.
18:48 of 3rd period - Stopped by Michal Neuvirth with a rebound.
19:05 of 3rd period - Off-side.
19:06 of 3rd period - Gilbert Brule wins face-off versus Milan Lucic in neutral zone.
19:13 of 3rd period - Wrist shot by Teuvo Teravainen.
19:13 of 3rd period - Stopped by Mike Condon without a rebound.
19:14 of 3rd period - Gilbert Brule wins face-off versus Milan Lucic in Rangers zone.
19:23 of 3rd period - Wrist shot by Gilbert Brule.
19:23 of 3rd period - Deflect By Teuvo Teravainen.
19:23 of 3rd period - Shot Misses the Net.
19:23 of 3rd period - Puck is out of play.
19:24 of 3rd period - Steven Stamkos wins face-off versus Milan Lucic in Rangers zone.
19:29 of 3rd period - Snap shot by Nikita Kucherov.
19:29 of 3rd period - Shot Blocked by Milan Lucic.
Goals for this period are 0 for Rangers vs 1 for Penguins.
Shots for this period are 7 for Rangers vs 12 for Penguins.